 Dungeon Crawl Stone Soup version 0.31.0-11-ge490571c62 (webtiles) character file.

Game seed: 897227481522743638

98 qw the Shooter (level 4, 0/22 HPs)
             Began as a Spriggan Hunter on Feb 4, 2024.
             Constricted to death by Ijyb (3 damage)
             ... on level 3 of the Dungeon.
             The game lasted 00:00:06 (1611 turns).

qw the Shooter (Spriggan Hunter)                    Turns: 1611, Time: 00:00:06

Health: 0/22       AC:  2    Str:  7    XL:     4   Next: 44%
Magic:  5/5        EV: 17    Int: 10    God:
Gold:   118        SH:  0    Dex: 20    Spells: 3/3 levels left

rFire   . . .        a - +0 shortbow
rCold   . . .        (shield currently unavailable)
rNeg    . . .        c - +0 robe
rPois   .            (helmet restricted)
rElec   .            (no cloak)
rCorr   .            (gloves unavailable)
SInv    +            (boots unavailable)
Will    .....        (no amulet)
Stlth   ++           (no ring)
HPRegen 0.23/turn    (no ring)
MPRegen 0.09/turn

%: no passive effects
@: grasped by roots, constricted, very quick
A: very small, no large weapons, unfitting armour, see invisible, speed 3
a: no special abilities


You were on level 3 of the Dungeon.
You visited 1 branch of the dungeon, and saw 3 of its levels.

You collected 118 gold pieces.


Innate Abilities, Weirdness & Mutations

You are very small and have problems with some larger weapons.
You are too small for most types of armour.
You have supernaturally acute eyesight. (SInv)
You cover ground extremely quickly. (Speed+++)


   Skills:
 - Level 1.5 Fighting
 - Level 5.0 Ranged Weapons
 + Level 4.8 Dodging
 - Level 1.5 Stealth


You had 3 spell levels left.
You didn't know any spells.
Your spell library was empty.

Inventory:

Hand Weapons
 a - a +0 shortbow (weapon)
Armour
 c - a +0 robe (worn)
 d - a +1 animal skin
Jewellery
 f - a ring of willpower
Scrolls
 b - a scroll of vulnerability {unknown}
Potions
 e - a potion of might
 g - a potion of haste
 i - a potion of enlightenment

Dungeon Overview and Level Annotations

Branches:
Dungeon (3/15)

Altars:

Annotations:
D:3 Ijyb


Message History

There is an open door here.
You open the door.
There is an open door here.
A frilled lizard comes into view.
Enter note:
Enter note: You shoot an arrow.
The arrow hits the frilled lizard but does no damage.
You hear a shout!
Ijyb the Twisted Goblin comes into view.
She is wielding a +0 club, wearing a +3 leather armour of fire resistance and carrying a wand of roots.
You shoot an arrow. The arrow hits Ijyb but does no damage.
You shoot an arrow. The arrow hits Ijyb.
Ijyb is lightly wounded.
Ijyb misses you.
You shoot an arrow. The arrow hits Ijyb!
Ijyb is heavily wounded.
Ijyb hits you with a +0 club.
You shoot an arrow. The arrow closely misses Ijyb.
The arrow hits the frilled lizard!
You kill the frilled lizard!
Ijyb closely misses you. Ijyb hits you with a +0 club.
You shoot an arrow. The arrow barely misses Ijyb.
Ijyb hits you with a +0 club.
You shoot an arrow. The arrow hits Ijyb.
Ijyb is severely wounded.
Ijyb hits you with a +0 club.
You shoot an arrow. The arrow hits Ijyb.
Ijyb is severely wounded.
You hear a shout!
A goblin comes into view. It is wielding a +0 dagger.
Ijyb closely misses you.
You shoot an arrow. The arrow hits Ijyb but does no damage.
Ijyb is severely wounded.
Ijyb zaps a wand.
The roots erupt in riotous growth!
The grasping roots grab you!
Ijyb is unaffected.
The grasping roots constrict you.
You shoot an arrow. The arrow hits Ijyb.
Ijyb is almost dead.
The grasping roots constrict you.
You die...

#####'## ##.#.##
#......
#......#####.....#
#.####.
#..........#..#..#
#.
#.............#..#
#.
#......###....#..#
#.
#......##........#
#.
######.##........#
# . #.
#.##......#.#.#....
#.
#.###+#....@.g.....
## #.#
...#.##g#.##...
.....##.#...
#..####.. #..# #..
### .... # ###


You could see Ijyb and a goblin.

Vanquished Creatures
  Robin (D:3)
  3 adders (D:3)
  A ribbon worm (D:2)
  A dart slug (D:2)
  4 bats
  6 endoplasms
  A giant cockroach (D:1)
  9 goblins
  8 hobgoblins
  5 kobolds
  3 quokkas
  2 ball pythons (D:2)
  3 frilled lizards
  3 rats
50 creatures vanquished.

Notes
Turn   | Place    | Note
-------+----------+-------------------------------------------
     0 | D:1      | qw the Spriggan Hunter began the quest for the Orb.
     0 | D:1      | Reached XP level 1. HP: 10/10 MP: 2/2
     0 | D:1      | 0 ||| qw: Version: 0.3-a-160-g6735b56
     0 | D:1      | 0 ||| qw: Game counter: 5090
     0 | D:1      | 0 ||| qw: Melee chars always use a shield: true
     0 | D:1      | 0 ||| qw: God list: Okawaru
     0 | D:1      | 0 ||| qw: Allow faded altars: false
     0 | D:1      | 0 ||| qw: Do Orc after clearing Dungeon:15 true
     0 | D:1      | 0 ||| qw: Do second Lair branch before Depths: true
     0 | D:1      | 0 ||| qw: Lair rune preference: random
     0 | D:1      | 0 ||| qw: Goals: Normal
     0 | D:1      | 0 ||| PLANNING D:1-11
    55 | D:1      | Reached skill level 3 in Dodging
   163 | D:1      | Reached XP level 2. HP: 14/14 MP: 3/3
   658 | D:1      | 658 ||| READING scroll labelled SIKUEP QUOGIGG.
   659 | D:1      | 659 ||| READING 2 scrolls labelled ICKUFO QEZUWEI.
   659 | D:1      | 659 ||| IDENTIFYING lumpy dark potion
   660 | D:1      | 660 ||| READING scroll of identify.
   660 | D:1      | 660 ||| IDENTIFYING clear potion
   661 | D:1      | 661 ||| READING scroll labelled RENOIB NUOSESH.
   665 | D:1      | 665 ||| DRINKING 2 black potions.
   666 | D:1      | 666 ||| DROPPING scroll of butterflies.
   818 | D:2      | Reached XP level 3. HP: 18/18 MP: 4/4
  1216 | D:2      | 1216 ||| READING scroll labelled GATSEEKUWI.
  1290 | D:3      | Reached skill level 5 in Ranged Weapons
  1345 | D:3      | Reached XP level 4. HP: 22/22 MP: 5/5
  1349 | D:3      | Noticed Robin
  1350 | D:3      | 1350 ||| FLEEEEING.
  1351 | D:3      | 1351 ||| FLEEEEING.
  1353 | D:3      | 1353 ||| FLEEEEING.
  1354 | D:3      | 1354 ||| FLEEEEING.
  1355 | D:3      | 1355 ||| FLEEEEING.
  1356 | D:3      | 1356 ||| FLEEEEING.
  1357 | D:3      | 1357 ||| FLEEEEING.
  1358 | D:3      | 1358 ||| FLEEEEING.
  1395 | D:3      | Killed Robin
  1602 | D:3      | Noticed Ijyb
  1610 | D:3      | HP: 2/22 [constriction (5)]
  1611 | D:3      | Constricted to death by Ijyb

Levels and vault maps discovered:
D:1:      heliophobic_arrival_glass_houses, layout_loops_ring,
          kennysheep_decorative_pillar
D:2:      layout_basic
D:3:      layout_basic, minmay_fractal_squares_gapless_5, uniq_robin, uniq_ijyb,
          uniq_grinder

Skill      XL: |  1  2  3 |
---------------+----------+-----
Dodging        | 3 4 |  4.8
Ranged Weapons | 5 |  5.0
Fighting       | |  1.5
Stealth        | |  1.5

Action                     |  1- 3 |  4- 6 || total
---------------------------+-------+-------++-------
   Fire: Shortbow          |    92 |    44 ||   136
    Use: Scroll            |     5 |       ||     5
         Potion            |     1 |       ||     1
 Armour: Robe              |     1 |    13 ||    14
  Dodge: Dodged            |     8 |    21 ||    29

Table legend:
 A = Non-vault XP
 B = Vault XP
 C = Vault XP percentage of total XP
 D = Non-vault monster count
 E = Vault monster count
 F = Vault count percentage of total count
                 A         B        C        D         E       F
            +---------+---------+-------+---------+---------+-------
      Total |     108 |      33 |  23.4 |      39 |      11 |  22.0
            +---------+---------+-------+---------+---------+-------
        D:1 |      24 |       0 |   0.0 |      14 |       0 |   0.0
        D:2 |      36 |       0 |   0.0 |      18 |       0 |   0.0
        D:3 |      48 |      33 |  40.7 |       7 |      11 |  61.1
            +---------+---------+-------+---------+---------+-------
